 Dungeon Crawl Stone Soup version 0.20-a0-269-g17f5411 (webtiles) character file.

3442 Jraekied the Shield-Bearer (level 10, -2/60 HPs)
             Began as a Gargoyle Fighter on Dec 8, 2016.
             Was a Priest of Okawaru.
             Slain by an orc warrior
             ... wielding a +0 flail
              (7 damage)
             ... on level 7 of the Dungeon.
             The game lasted 00:15:54 (6114 turns).

Jraekied the Shield-Bearer (Gargoyle Fighter)       Turns: 6114, Time: 00:15:54

Health: -2/60      AC: 20    Str: 22    XL:     10   Next: 5%
Magic:  17/17      EV:  6    Int:  8    God:    Okawaru [***...]
Gold:   357        SH:  0    Dex: 13    Spells: 19/19 levels left

rFire  . . .     SeeInvis .     G - +7 mace "Vuulum" {crush, rElec rC++ Str-5 Dex+4}
rCold  + + .     Gourm    .     C - +0 plate armour
rNeg   + + .     Faith    .     q - +0 buckler
rPois  ∞         Spirit   .     A - +0 helmet
rElec  +         Reflect  .     (no cloak)
rCorr  .         Harm     .     (no gloves)
MR     .....                    (no boots)
Stlth  ..........               (no amulet)
                                i - ring of positive energy
                                h - +3 ring of strength

@: confused
A: negative energy resistance 1, electricity resistance, unbreathing,
petrification resistance, no device heal 1, rot immunity, AC +7
a: Heroism, Renounce Religion


You were on level 7 of the Dungeon.
You worshipped Okawaru.
Okawaru was most pleased with you.
You were not hungry.

You visited 2 branches of the dungeon, and saw 8 of its levels.

You collected 357 gold pieces.

Inventory:

Hand Weapons
 a - a +1 war axe
 w - a +2 hand axe of freezing
 G - the +7 mace "Vuulum" (weapon) {crush, rElec rC++ Str-5 Dex+4}
   (You found it on level 5 of the Dungeon)

   It inflicts extra damage upon your enemies.
   It affects your strength (-5).
   It affects your dexterity (+4).
   It greatly protects you from cold.
   It insulates you from electricity.
Armour
 b - a +0 scale mail
 c - a +0 shield
 q - a +0 buckler (worn)
 A - a +0 helmet (worn)
 C - a +0 plate armour (worn)
 D - the +0 ring mail "Taunoawa" {*Contam rPois Slay+2}
   (You found it on level 5 of the Dungeon)

   It affects your accuracy and damage with ranged weapons and melee attacks
   (+2).
   It protects you from poison.
   It causes magical contamination when unequipped.
Jewellery
 h - a +3 ring of strength (left hand)
 i - a ring of positive energy (right hand)
 j - an uncursed ring of poison resistance
 l - an uncursed ring of magical power
 u - an uncursed ring of protection from cold {unknown}
 z - an uncursed ring of resist corrosion
Wands
 m - a wand of iceblast (8/15)
 y - a wand of slowing (23/48)
Scrolls
 e - 2 scrolls of enchant weapon
 o - 2 scrolls of remove curse
 M - a scroll of amnesia
Potions
 d - 2 potions of might
 g - a potion of ambrosia
 p - a potion of cure mutation {unknown}
 r - a potion of flight {unknown}
 s - 3 potions of degeneration
 t - 2 potions of lignification
 v - 2 potions of invisibility {unknown}
 B - 5 potions of agility {unknown}
 E - 3 potions of curing {unknown}
 F - a potion of magic {unknown}
 I - 2 potions of berserk rage {unknown}
 J - a potion of resistance {unknown}
Comestibles
 f - 7 bread rations
 k - a meat ration
 n - 2 slices of pizza
 x - a beef jerky


   Skills:
 + Level 6.2 Fighting
 - Level 5.5(6.4) Axes
 + Level 5.4(6.7) Maces & Flails
 - Level 5.8 Armour
 - Level 6.6 Shields
 - Level 5.0 Spellcasting
 + Level 5.5 Invocations


You had 19 spell levels left.
You didn't know any spells.

Dungeon Overview and Level Annotations

Branches:
Dungeon (7/15)             Temple (1/1) D:5

Altars:
Ashenzari
Cheibriados
Dithmenos
Elyvilon
Fedhas
Gozag
Hepliaklqana
Kikubaaqudgha
Makhleb
Nemelex Xobeh
Okawaru
Qazlal
Ru
Sif Muna
Trog
Uskayaw
Vehumet
Xom
Yredelemnul
Zin
The Shining One

Shops:
D:4 *

Annotations:
D:2 1 runed door
D:7 Joseph


Innate Abilities, Weirdness & Mutations

You are resistant to torment.
Your stone body is resilient. (AC +7)
You are immune to poison.
You resist negative energy. (rN+)
You are resistant to electric shocks. (rElec)
You can survive without breathing.
You are immune to petrification.
You are immune to rotting.
Potions and wands are less effective at restoring your health.


Message History

The orc warrior barely misses you. The orc hits you.
You closely miss the orc priest.
The orc priest is severely wounded.
You block the orc priest's attack. The orc hits you but does no damage.
The orc warrior hits you with a flail!
* * * LOW HITPOINT WARNING * * *
You completely miss the orc priest.
The orc priest is severely wounded.
The orc priest mumbles some strange prayers to Beogh against you.
Beogh smites you!
* * * LOW HITPOINT WARNING * * *
The orc hits you but does no damage.
You are confused.
Your system partially rejects the healing.
You feel invigorated. The orc warrior hits you with a flail.
* * * LOW HITPOINT WARNING * * *
The orc priest calls upon Beogh to heal the orc warrior.
The orc warrior is healed somewhat.
The orc hits you but does no damage.
You bump into the rock wall.
The orc warrior hits you with a flail!
You die...

#.# #.##### ########
#.# #.....# #.#
#.###.####
#.####..†.....#######
#.##..>....(........#
#..#.#####<##.#####.*
##.#.# #>##.# *,*
#.#.# #.##.#####.#
#.#.#
#.##..@o...#****
#.#.#
#.####oo......,*
#.#(# #.# #.###.###.#
#.#.# #.# #.#*#.#**.#
#.#.## #.#
#.##.,,**.# #.#..#
#.# #.#.***,#.#
#.##.####.# ##..#*
**..# #.......#.#
#...# *..########
#.##.##.#.# #...##
##..##......


You could see an orc warrior, an orc priest and an orc.

Vanquished Creatures
  Sigmund (D:5)
  Eustachio (D:6)
  Menkaure (D:4)
  The ghost of Kaishin the Changer, an amateur OpTm of Okawaru (D:3)
  Edmund (D:4)
  A water moccasin (D:7)
  2 sky beasts (D:5)
  3 ice beasts
  An orc warrior (D:7)
  3 phantoms
  An ogre (D:6)
  A bullfrog (D:6)
  A scorpion (D:5)
  4 killer bees (D:6)
  2 howler monkeys (D:6)
  A crimson imp (D:5)
  3 bullfrog zombies (D:5)
  A quasit (D:7)
  A hound (D:5)
  A centaur skeleton (D:6)
  2 bullfrog skeletons (D:5)
  10 orc wizards
  4 orc priests
  6 worker ants
  Natasha (thrice) (D:3)
  2 killer bee zombies (D:5)
  2 hound skeletons
  2 hound zombies
  A howler monkey zombie (D:5)
  A worker ant zombie (D:5)
  13 gnolls
  2 howler monkey skeletons
  10 adders
  2 shadow imps
  An ooze (D:2)
  4 adder zombies (D:5)
  A worm (D:2)
  2 dart slugs (D:1)
  5 leopard geckos
  35 orcs
  6 giant cockroaches
  11 goblins
  4 hobgoblins
  6 kobolds
  A quokka (D:4)
  2 ball pythons
  7 bats
  7 frilled lizards
  2 leopard gecko skeletons
  3 leopard gecko zombies (D:5)
  2 quokka skeletons
  A quokka zombie (D:5)
  7 rats
198 creatures vanquished.

Notes
Turn   | Place    | Note
-------+----------+-------------------------------------------
     0 | D:1      | Jraekied the Gargoyle Fighter began the quest for the Orb.
     0 | D:1      | Reached XP level 1. HP: 14/14 MP: 1/1
   189 | D:1      | Reached XP level 2. HP: 18/19 MP: 2/2
   545 | D:1      | Reached XP level 3. HP: 19/24 MP: 3/3
  1046 | D:2      | Reached XP level 4. HP: 16/29 MP: 4/4
  1490 | D:2      | Found a runed door.
  1535 | D:2      | Reached XP level 5. HP: 33/33 MP: 5/5
  1620 | D:2      | Reached skill level 1 in Spellcasting
  1985 | D:3      | Noticed Kaishin's ghost (amateur OpTm)
  1999 | D:3      | Killed Kaishin's ghost
  1999 | D:3      | Reached XP level 6. HP: 28/40 MP: 9/9
  2209 | D:3      | Noticed Natasha
  2215 | D:3      | Killed Natasha
  2227 | D:3      | Noticed Natasha
  2236 | D:3      | Killed Natasha
  2295 | D:3      | Reached skill level 5 in Fighting
  2324 | D:3      | Noticed Natasha
  2334 | D:3      | Killed Natasha
  2705 | D:4      | Reached XP level 7. HP: 42/44 MP: 9/11
  2796 | D:4      | Noticed Edmund
  2809 | D:4      | Killed Edmund
  2886 | D:4      | Noticed Menkaure
  2906 | D:4      | Killed Menkaure
  2907 | D:4      | Reached XP level 8. HP: 27/49 MP: 13/13
  3188 | D:4      | Found Jiluq's Assorted Antiques.
  3626 | D:5      | Entered Level 5 of the Dungeon
  3757 | D:5      | Reached skill level 5 in Armour
  3794 | D:5      | Found a staircase to the Ecumenical Temple.
  3812 | Temple   | Entered the Ecumenical Temple
  4158 | Temple   | Became a worshipper of Warmaster Okawaru
  4243 | D:5      | Reached skill level 5 in Axes
  4247 | D:5      | Got a jewelled ring mail
  4258 | D:5      | Identified the cursed +0 ring mail "Taunoawa" {*Contam rPois Slay+2} (You found it on level 5 of the Dungeon)
  4269 | D:5      | Gained mutation: Potions and wands are less effective at restoring your health. [mutagenic glow]
  4348 | D:5      | Got an ichor-stained mace
  4349 | D:5      | Identified the +7 mace "Vuulum" {crush, rElec rC++ Str-5 Dex+4} (You found it on level 5 of the Dungeon)
  4403 | D:5      | Reached skill level 5 in Spellcasting
  4453 | D:5      | Reached * piety under Okawaru
  4453 | D:5      | Reached skill level 1 in Maces & Flails
  4453 | D:5      | Reached skill level 5 in Shields
  4453 | D:5      | Reached skill level 1 in Invocations
  4545 | D:5      | Noticed Sigmund
  4560 | D:5      | Killed Sigmund
  4560 | D:5      | Reached XP level 9. HP: 53/54 MP: 16/16
  4961 | D:6      | Noticed Eustachio
  4966 | D:6      | Reached ** piety under Okawaru
  4981 | D:6      | Killed Eustachio
  5373 | D:6      | Reached *** piety under Okawaru
  5434 | D:6      | Found a shadowy altar of Dithmenos.
  5581 | D:7      | Reached skill level 5 in Invocations
  5608 | D:7      | Noticed Joseph
  5614 | D:7      | HP: 2/55 [orc warrior/halberd (13)]
  5635 | D:7      | Reached skill level 5 in Maces & Flails
  5936 | D:7      | Reached XP level 10. HP: 58/60 MP: 17/17
  6112 | D:7      | HP: 1/60 [orc priest/divine providence (15)]
  6114 | D:7      | Slain by an orc warrior

Vault maps used:
D:1:      minmay_arrival_five_plusses, supply_closet_lemuel, due_unseen_surprise
D:2:      minmay_misc_feat_room, uniq_crazy_yiuf_cottage
D:3:      uniq_natasha
D:4:      serial_shops, nicolae_shop_trees, dk_noncrumbling_3, uniq_edmund,
          uniq_menkaure
D:5:      first_bread, serial_undead, serial_undead_e, serial_undead_c,
          serial_undead_e, serial_undead_b, serial_undead_f,
          lightli_corner_chamber, uniq_sigmund
D:6:      basic_altar, uniq_eustachio
D:7:      uniq_joseph
Temple:   roderic_octagonal_lattice_temple

Skill      XL: |  1  2  3  4  5  6  7  8  9 |
---------------+----------------------------+-----
Axes           | 2 3 4 5 |  5.5
Shields        | 4 5 6 |  6.6
Fighting       | 4 5 6 |  6.2
Spellcasting   | 2 3 5 |  5.0
Armour         | 4 5 |  5.8
Maces & Flails | 2 5 |  5.4
Invocations    | 2 5 |  5.5

Action                   |  1- 3 |  4- 6 |  7- 9 | 10-12 || total
-------------------------+-------+-------+-------+-------++-------
Melee: War axe           |   124 |   161 |    94 |       ||   379
       Hand axe          |       |       |    87 |       ||    87
       Mace              |       |       |   272 |    20 ||   292
  Use: Potion            |     1 |     1 |     4 |     1 ||     7
       Scroll            |       |     6 |     6 |     3 ||    15
  Eat: Chunk             |       |     6 |     4 |       ||    10
       Meat ration       |       |       |     2 |       ||     2
Armor: Scale mail        |    53 |    94 |    76 |       ||   223
       Plate armour      |       |       |   307 |    13 ||   320
Dodge: Dodged            |    35 |    80 |   154 |     7 ||   276
Block: Shield            |    68 |    29 |       |       ||    97
       Buckler           |       |    31 |   115 |     3 ||   149
